Match 24901295
Unlisted

Match 24901295
End
Kradschützen Motorcycle Team
Panzergrenadier Squad
250 Light Carrier
Panzergrenadier Squad
Construct Light Support Kompanie
Panzerjäger Squad
Combat Half-tracks
Construct Mechanized Kompanie
Selects Armored Support Battlegroup
Selects Superior Fire Drills
8 Rad Armored Car
2.5-tonne Medical Truck
Selects Salvage Kits
Panzerjäger Mechanized Group
8 Rad Armored Car
Construct Panzerarmee Kommand
Selects Panzer Storm
Selects Flammpanzer III Medium Tank Sd.Kfz. 141
MG34 Team
Panzer III L Medium Tank
Assault Mechanized Group
Mo-J
ConcernedApe
0
0

Comments sign in to comment!

No comments posted yet!